 Dungeon Crawl Stone Soup version 0.28.0-53-g5a82cb258f (webtiles) character file.

Game seed: 7015778042876387776

2570 pkoi the Martial Artist (level 9, -2/69 HPs)
             Began as a Demigod Gladiator on June 2, 2022.
             Slain by a gnoll
             ... wielding a +0 halberd
              (4 damage)
             ... on level 7 of the Dungeon.
             The game lasted 00:10:34 (9280 turns).

pkoi the Martial Artist (Demigod Gladiator)         Turns: 9280, Time: 00:10:35

Health: -2/69      AC: 13    Str: 19      XL:     9   Next: 10%
Magic:  11/11      EV: 10    Int: 14      God:
Gold:   300        SH:  0    Dex: 18 (19) Spells: 8/8 levels left

rFire   . . .      SeeInvis .     - Unarmed
rCold   . . .      Faith    .   (no shield)
rNeg    . . .      Spirit   .   q - +0 chain mail
rPois   .          Reflect  .   i - +0 helmet
rElec   .          Harm     .   u - +1 cloak
rCorr   .          Rampage  .   s - +0 pair of gloves
Will    +....                   l - +0 pair of boots
Stlth   ..........              (no amulet)
HPRegen 0.21/turn               g - ring of willpower
MPRegen 0.12/turn               (no ring)

@: studying Dodging
A: high MP 1, forlorn, divine attributes, hooves 1, iridescent scales 1,
deformed body
a: no special abilities


You were on level 7 of the Dungeon.
You visited 1 branch of the dungeon, and saw 7 of its levels.

You collected 300 gold pieces.

Inventory:

Hand Weapons
 b - a +2 hunting sling of flaming
 h - a +0 dagger
 k - the +11 mace of Eternity {freeze, *Slow rElec Stlth+}
   (You found it on level 6 of the Dungeon)

   It freezes those it strikes, dealing additional cold damage.
   It can also slow down cold-blooded creatures.
   rElec:     It insulates you from electricity.
   *Slow:     It may slow you when you take damage.
   Stlth:     It makes you more stealthy.
Missiles
 c - 3 throwing nets (quivered)
 j - 142 stones
 p - 26 sling bullets
Armour
 a - a +0 leather armour
 i - a +0 helmet (worn)
 l - a +0 pair of boots (worn)
 q - a +0 chain mail (worn)
 s - a +0 pair of gloves (worn)
 u - a +1 cloak (worn)
Jewellery
 g - a ring of willpower (left hand)
Wands
 t - a wand of iceblast (9)
 v - a wand of digging (5)
Scrolls
 n - a scroll of identify
 r - a scroll of fog
Potions
 d - 2 potions of haste
 e - a potion of curing
 f - 2 potions of brilliance
 m - a potion of lignification
 o - a potion of berserk rage


   Skills:
 - Level 3.0 Fighting
 - Level 1.7 Throwing
 - Level 4.0 Armour
 + Level 5.5 Dodging
 * Level 9.5 Unarmed Combat
 + Level 3.7 Evocations


You had 8 spell levels left.
You didn't know any spells.
Your spell library contained the following spells:

 Spells                   Type           Power      Damage    Failure   Level
 Inner Flame              Hex/Fire       0%         N/A       100%        3
 Cause Fear               Hex            0%         N/A       100%        4
 Discord                  Hex            0%         N/A       100%        8


Dungeon Overview and Level Annotations

Branches:
Dungeon (7/15)             Temple (0/1) D:5

Shops:
D:1 [   D:5 (

Portals:
Bailey: D:7

Annotations:
D:2 1 runed translucent door, Crazy Yiuf


Innate Abilities, Weirdness & Mutations

You have an increased reservoir of magic. (+10% MP)
You shall have no god before yourself.
Your divine heritage dramatically boosts your attributes as you level up.
You have large cloven feet.
You are partially covered in iridescent scales. (AC +2)
Armour fits poorly on your strangely shaped body.


Message History

Aim: a gnoll, wielding a +0 spear The mass of ice explodes!
The iceblast engulfs the gnoll!
You kill the gnoll!
The iceblast engulfs the gnoll!
You kill the gnoll!
You hear a shout!
You feel your dexterity returning.
Unknown command.
You start resting.
A gnoll comes into view. It is wielding a +0 halberd.
A gnoll is nearby!
A gnoll is nearby!
Items here: )) [ †.
The gnoll misses you.
You closely miss the gnoll. The gnoll hits you but does no damage.
You closely miss the gnoll. The gnoll hits you but does no damage.
You hit the gnoll.
The gnoll is lightly wounded.
The gnoll hits you with a +0 halberd.
* * * LOW HITPOINT WARNING * * *
You barely miss the gnoll.
The gnoll is lightly wounded.
The gnoll hits you with a +0 halberd!
* * * LOW HITPOINT WARNING * * *
You hit the gnoll.
The gnoll is moderately wounded.
The gnoll barely misses you.
You punch the gnoll!
The gnoll is severely wounded.
You hit the gnoll but do no damage.
The gnoll is severely wounded.
The gnoll hits you with a +0 halberd.
* * * LOW HITPOINT WARNING * * *
You barely miss the gnoll.
The gnoll is severely wounded.
The gnoll closely misses you.
You barely miss the gnoll.
The gnoll is severely wounded.
The gnoll hits you with a +0 halberd.
You die...

*,,,,,,,***,******
#..)∩)..*,,,,,,,,,
#...)..,*,,,,*****
#...........,,,,**
#.......#....**,*<
#............#*,*,
#............#*,*,
#g#...g......#*,*,
#@#..........#*,*#
#)#..........#*,*#
#)#....g.....#*,*#
#)#....g.....#*,*#
#(#..........##,*#
#(#..........##.##
#(#.#........#*..'
#(#.......#.##***#
#)#####......# #


You could see a gnoll.

Vanquished Creatures
  Menkaure (D:6)
  Edmund (D:5)
  A sky beast (D:7)
  5 ogres
  A centaur (D:5)
  3 necrophages
  2 kobold brigands (D:7)
  A bullfrog (D:7)
  2 scorpions
  2 water moccasin skeletons (D:4)
  A bullfrog zombie (D:6)
  A centaur skeleton (D:7)
  A gnoll shaman (D:7)
  4 hounds
  A jelly (D:6)
  5 orc priests
  A bullfrog skeleton (D:5)
  3 iguanas
  6 orc wizards
  A killer bee zombie (D:7)
  A hound skeleton (D:3)
  A howler monkey skeleton (D:7)
  7 gnolls
  17 adders
  A white imp (D:5)
  An ufetubus (D:5)
  3 adder skeletons (D:4)
  2 worms
  2 dart slugs
  27 orcs
  3 ball pythons (D:1)
  9 endoplasms
  2 giant cockroaches
  9 hobgoblins
  8 jackals
  11 kobolds
  2 quokkas (D:2)
  5 bats
  4 frilled lizards
  7 goblins
  4 rats
169 creatures vanquished.

Vanquished Creatures (others)
  2 plants (D:4)
2 creatures vanquished.

Grand Total: 171 creatures vanquished

Notes
Turn   | Place    | Note
-------+----------+-------------------------------------------
     0 | D:1      | pkoi the Demigod Gladiator began the quest for the Orb.
     0 | D:1      | Reached XP level 1. HP: 17/17 MP: 3/3
   230 | D:1      | Reached skill level 3 in Unarmed Combat
   557 | D:1      | Reached XP level 2. HP: 22/24 MP: 4/4
   860 | D:1      | Found Otoen's Armour Boutique.
  1770 | D:2      | Reached XP level 3. HP: 24/29 MP: 5/5
  1784 | D:2      | Reached skill level 4 in Unarmed Combat
  2597 | D:2      | Reached XP level 4. HP: 36/36 MP: 6/6
  2641 | D:2      | Reached skill level 5 in Unarmed Combat
  3372 | D:2      | Reached XP level 5. HP: 41/41 MP: 7/7
  3469 | D:2      | Found a runed translucent door.
  3470 | D:2      | Noticed Crazy Yiuf
  3922 | D:3      | Reached skill level 6 in Unarmed Combat
  4108 | D:3      | Reached XP level 6. HP: 48/48 MP: 8/8
  5225 | D:3      | Reached skill level 1 in Armour
  5623 | D:4      | Reached skill level 7 in Unarmed Combat
  5623 | D:4      | Reached XP level 7. HP: 50/57 MP: 9/9
  6299 | D:5      | Entered Level 5 of the Dungeon
  6299 | D:5      | Noticed Edmund
  6299 | D:5      | Found Ypruol's Antique Weapon Shoppe.
  6315 | D:5      | Killed Edmund
  6695 | D:5      | Reached skill level 1 in Evocations
  6702 | D:5      | Reached skill level 8 in Unarmed Combat
  7426 | D:5      | Found a staircase to the Ecumenical Temple.
  7443 | D:5      | Reached XP level 8. HP: 63/63 MP: 10/10
  8559 | D:6      | Identified the +11 mace of Eternity {freeze, *Slow rElec
                  | Stlth+}
  8598 | D:6      | Reached skill level 9 in Unarmed Combat
  8994 | D:6      | Noticed Menkaure
  9001 | D:6      | Killed Menkaure
  9148 | D:7      | Reached skill level 5 in Dodging
  9155 | D:7      | Reached XP level 9. HP: 59/69 MP: 11/11
  9239 | D:7      | Found a flagged portal.
  9262 | D:7      | Gained mutation: You have large cloven feet. [potion of
                  | mutation]
  9262 | D:7      | Gained mutation: Armour fits poorly on your strangely
                  | shaped body. [potion of mutation]
  9262 | D:7      | Gained mutation: You are partially covered in iridescent
                  | scales. (AC +2) [potion of mutation]
  9278 | D:7      | HP: 1/69 [gnoll/+0 halberd (4)]
  9280 | D:7      | Slain by a gnoll

Illustrated notes

Levels and vault maps discovered:
D:1:      amcnicky_arrival_choice, layout_loops_ring,
          chequers_ecumenical_altar_twisty, serial_shops, nicolae_shop_crystal,
          serial_co_window_serial, co_window_paths_a,
          co_window_of_opportunity_a, co_window_corner_a, co_window_cross_1,
          co_window_paths_a, co_window_corner_a, co_window_paths_a,
          co_window_corner_b, co_window_corner_ca, co_window_unsneaky_path_e,
          glass_columns_a, glass_columns_b, grunt_decor_one_mirror
D:2:      layout_rooms, uniq_crazy_yiuf_cottage
D:3:      layout_basic
D:4:      layout_cave_pools, mainiacjoe_overflow_small_starburst,
          saegor_snake_ambush
D:5:      layout_basic, nicolae_vehumet_altar_sigil,
          mainiacjoe_overflow_catwalk_spiral, minmay_temple_entry_sparse_star,
          serial_shops, nicolae_shop_hallway_stairs, minivault_23,
          minmay_manual_maat, uniq_edmund
D:6:      layout_cave_pools, minmay_misc_feat_diagonals, uniq_menkaure
D:7:      minmay_evil_eye, layout_basic, mainiacjoe_overflow_paths,
          nicolae_overflow_hidden_temple, gammafunk_ghost_gnarly_gnolls,
          enter_bailey_2, kennysheep_generic_room_7

Skill      XL: |  1  2  3  4  5  6  7  8 |
---------------+-------------------------+-----
Unarmed Combat | 3 4 5 6 7 8 9 |  9.5
Fighting       | 2 3 |  3.0
Dodging        | 3 5 |  5.5
Armour         | 1 3 4 |  4.0
Evocations     | 1 3 |  3.7
Throwing       | |  1.7

Action                   |  1- 3 |  4- 6 |  7- 9 || total
-------------------------+-------+-------+-------++-------
Melee: Unarmed           |   162 |    45 |   162 ||   369
       Punch             |     3 |     2 |     9 ||    14
 Fire: Hunting sling     |    11 |   144 |   189 ||   344
Evoke: Wand              |       |       |     1 ||     1
  Use: Scroll            |       |     6 |     2 ||     8
       Potion            |       |       |     6 ||     6
Armor: Leather armour    |    41 |    18 |       ||    59
       Chain mail        |       |     3 |   156 ||   159
Dodge: Dodged            |   114 |    39 |   108 ||   261
